[Event "European School-ch 2019"]
[Site "Mamaia"]
[Date "2019.05.31"]
[Round "1.23"]
[White "Cosac, Robert-Mihai"]
[Black "Popescu, Stefan-Adrian"]
[Result "1/2-1/2"]
[ECO "D31"]
[WhiteElo "1795"]
[BlackElo "1333"]
[Annotator "NA"]
[PlyCount "90"]
[EventDate "2019.05.31"]
[EventType "swiss"]
[EventCountry "ROU"]
[SourceTitle "playchess.com"]
[Source "ChessBase"]
[SourceQuality "1"]
[TimeControl "40/5400+30:1800+30"]

1. d4 d5 2. c4 e6 3. Nc3 c6 4. Bf4 Bd6 5. Bxd6 Qxd6 6. Nf3 Nd7 7. e3 f5 8. cxd5 exd5 9. Bd3 g6 10. Rc1 Ngf6 11. O-O O-O 12. Qc2 Ne4 13. Rfd1 Qe7 14. a3 Re8 15. Bxe4 fxe4 16. Nd2 Qg5 17. Nf1 Rf8 18. Ng3 h5 19. Qb3 Kh7 20. Qb4 Rf7 21. Nge2 Nb6 22. Nf4 Bg4 23. Re1 Bf3 24. g3 Qg4 25. h3 Qd7 26. Kh2 g5 27. Nfe2 Qe6 28. Ng1 Raf8 29. Nxf3 Rxf3 30. Nd1 Qf6 31. Rc2 Qe6 32. Qa5 Nc8 33. Qb4 R8f7 34. a4 Nd6 35. Qc5 a6 36. Qc3 Ne8 37. Rg1 h4 38. g4 Ng7 39. b4 Qd6+ 40. Kg2 Ne6 41. Qe1 Qe7 42. Qe2 Qd6 43. Qe1 Qe7 44. Rb2 Qc7 45. Rc2 Qd6 1/2-1/2

[Event "European School-ch 2019"]
[Site "Mamaia"]
[Date "2019.05.31"]
[Round "1.24"]
[White "Gabulov, Ilkin"]
[Black "Nemsadze, Daviti"]
[Result "0-1"]
[ECO "A42"]
[WhiteElo "1326"]
[BlackElo "1763"]
[Annotator "NA"]
[PlyCount "72"]
[EventDate "2019.05.31"]
[EventType "swiss"]
[EventCountry "ROU"]
[SourceTitle "playchess.com"]
[Source "ChessBase"]
[SourceQuality "1"]
[TimeControl "40/5400+30:1800+30"]

1. d4 g6 2. c4 Bg7 3. Nc3 d6 4. e4 Nc6 5. Be3 e5 6. d5 Nd4 7. Nf3 Bg4 8. Be2 Bxf3 9. Bxf3 c5 10. O-O Ne7 11. Qa4+ Kf8 12. Be2 f5 13. f4 Bh6 14. g3 Kg7 15. Qd1 fxe4 16. Nxe4 Nef5 17. Bd2 Qe7 18. Bd3 exf4 19. Bxf4 Bxf4 20. Rxf4 Rhf8 21. Qf1 Ne3 22. Qf2 Ng4 23. Qf1 Rxf4 24. Qxf4 Ne5 25. Qe3 Ndf3+ 26. Kg2 Nxh2 27. Rh1 Nhg4 28. Qd2 Rf8 29. b3 h5 30. Bc2 Qf7 31. Bd1 Qe7 32. Qc3 Kg8 33. Re1 Qd7 34. a3 Qf5 35. Qa1 Nf2 36. Nc3 Qh3+ {[%emt 0:00:02] Nb1} 0-1

[Event "European School-ch 2019"]
[Site "Mamaia"]
[Date "2019.05.31"]
[Round "1.25"]
[White "Kolesov, Gordey"]
[Black "Gardiner, Ethan"]
[Result "1-0"]
[ECO "E49"]
[WhiteElo "1745"]
[BlackElo "1317"]
[Annotator "NA"]
[PlyCount "49"]
[EventDate "2019.05.31"]
[EventType "swiss"]
[EventCountry "ROU"]
[SourceTitle "playchess.com"]
[Source "ChessBase"]
[SourceQuality "1"]
[TimeControl "40/5400+30:1800+30"]

1. d4 Nf6 2. c4 e6 3. Nc3 Bb4 4. e3 O-O 5. Bd3 d5 6. a3 Bxc3+ 7. bxc3 c5 8. cxd5 Nxd5 9. Nf3 Nc6 10. Qc2 h6 11. O-O Bd7 12. e4 Nf6 13. Rd1 cxd4 14. cxd4 Rc8 15. Qb2 Qc7 16. g3 b6 17. Ba6 Rce8 18. Bf4 Qd8 19. Bd6 Nxe4 20. Bxf8 Rxf8 21. Rac1 Qf6 22. Qe2 Nd6 23. Ne5 Nb8 24. Rc7 Nxa6 25. Rxd7 1-0

[Event "European School-ch 2019"]
[Site "Mamaia"]
[Date "2019.05.31"]
[Round "1.26"]
[White "State-Ungureanu, Nicolae-Vlad"]
[Black "Saioc, David"]
[Result "1/2-1/2"]
[ECO "C02"]
[WhiteElo "1317"]
[BlackElo "1744"]
[Annotator "NA"]
[PlyCount "100"]
[EventDate "2019.05.31"]
[EventType "swiss"]
[EventCountry "ROU"]
[SourceTitle "playchess.com"]
[Source "ChessBase"]
[SourceQuality "1"]
[TimeControl "40/5400+30:1800+30"]

1. e4 e6 2. d4 d5 3. e5 c5 4. c3 Nc6 5. Nf3 Qb6 6. Be2 Nge7 7. Na3 Nf5 8. Nc2 cxd4 9. cxd4 Nb4 10. Nxb4 Bxb4+ 11. Bd2 Nxd4 12. Nxd4 Qxd4 13. Qa4+ Bd7 14. Qxb4 Qxe5 15. Bc3 Qg5 16. Qxb7 Rc8 17. Bb5 Qd8 18. Bxd7+ Qxd7 19. Qxd7+ Kxd7 20. Bxg7 Rhg8 21. Bd4 Rxg2 22. Kf1 Rg4 23. Bxa7 d4 24. Rg1 Rf4 25. Rg2 e5 26. Re1 Kd6 27. b4 Ra8 28. Bc5+ Kd5 29. Re2 e4 30. Ke1 d3 31. Rd2 Rf6 32. Rg5+ Kc4 33. Rg4 Kd5 34. Rg5+ Kc4 35. Re5 Rf4 36. Rh5 Rg8 37. Kf1 Rfg4 38. f3 Rf4 39. Rh3 Rg6 40. Kf2 Rgf6 41. Ke3 Rxf3+ 42. Rxf3 Rxf3+ 43. Kxe4 Rh3 44. a4 Kc3 45. Be3 Rh4+ 46. Kf5 Rxb4 47. Ra2 Kb3 48. Rd2 Kc3 49. Kf6 Rxa4 50. Kxf7 Rh4 1/2-1/2

[Event "European School-ch 2019"]
[Site "Mamaia"]
[Date "2019.05.31"]
[Round "1.27"]
[White "Krawczyk, Flawian"]
[Black "Hoshor, Mark T"]
[Result "1-0"]
[ECO "B27"]
[WhiteElo "1741"]
[BlackElo "2066"]
[Annotator "NA"]
[PlyCount "59"]
[EventDate "2019.05.31"]
[EventType "swiss"]
[EventCountry "ROU"]
[SourceTitle "playchess.com"]
[Source "ChessBase"]
[SourceQuality "1"]
[TimeControl "40/5400+30:1800+30"]

1. e4 c5 2. Nf3 g6 3. c3 Bg7 4. d4 cxd4 5. cxd4 d6 6. Be2 Nf6 7. Nc3 O-O 8. O-O Nc6 9. h3 d5 10. e5 Ne4 11. Be3 f5 12. Nxe4 dxe4 13. Bc4+ Kh8 14. Ng5 Qe8 15. e6 f4 16. Nf7+ Kg8 17. Bxf4 Nxd4 18. Qg4 Qc6 19. Rac1 Bxe6 20. Nh6+ Kh8 21. Bxe6 Qxe6 22. Qxe6 Nxe6 23. Be3 Bxb2 24. Rc4 Nf4 25. Rxe4 Ne2+ 26. Kh2 e5 27. Bc5 Nc3 28. Rb4 Rfc8 29. Bd6 Kg7 30. Ng4 1-0

[Event "European School-ch 2019"]
[Site "Mamaia"]
[Date "2019.05.31"]
[Round "1.28"]
[White "Zheng, Harry Z"]
[Black "Albu, Vlad"]
[Result "1-0"]
[ECO "B90"]
[WhiteElo "1556"]
[BlackElo "1081"]
[Annotator "NA"]
[PlyCount "87"]
[EventDate "2019.05.31"]
[EventType "swiss"]
[EventCountry "ROU"]
[SourceTitle "playchess.com"]
[Source "ChessBase"]
[SourceQuality "1"]
[TimeControl "40/5400+30:1800+30"]

1. e4 c5 2. Nf3 d6 3. d4 cxd4 4. Nxd4 Nf6 5. Nc3 a6 6. Be3 Ng4 7. Bg5 Qb6 8. Nd5 Qd8 9. f3 Nf6 10. Nc3 Nc6 11. Be3 Nxd4 12. Bxd4 e5 13. Be3 Be7 14. Qd2 Be6 15. Rd1 Qc7 16. Be2 Rd8 17. O-O d5 18. exd5 Bxd5 19. Qe1 O-O 20. Qf2 Bc6 21. Bb6 Qc8 22. Bxd8 Rxd8 23. Rxd8+ Qxd8 24. Rd1 b6 25. Rxd8+ Bxd8 26. Kh1 Kf8 27. Bxa6 g5 28. Qd2 Ke7 29. Qxg5 Kd7 30. Qxe5 Ne8 31. Bb5 Bxb5 32. Qxb5+ Ke7 33. Nd5+ Kf8 34. Qb4+ Kg8 35. Nxb6 h5 36. Nd7 Kh7 37. Qf8 Ng7 38. Qxd8 Ne6 39. Qf6 Ng7 40. Qxf7 h4 41. Nf8+ Kh8 42. Qg6 Kg8 43. Ne6 h3 44. Qxg7# 1-0

[Event "European School-ch 2019"]
[Site "Mamaia"]
[Date "2019.05.31"]
[Round "1.29"]
[White "Berestean, Vlaicu"]
[Black "Durucay, Uygar"]
[Result "0-1"]
[ECO "B01"]
[WhiteElo "1074"]
[BlackElo "1517"]
[Annotator "NA"]
[PlyCount "68"]
[EventDate "2019.05.31"]
[EventType "swiss"]
[EventCountry "ROU"]
[SourceTitle "playchess.com"]
[Source "ChessBase"]
[SourceQuality "1"]
[TimeControl "40/5400+30:1800+30"]

1. e4 d5 2. exd5 Qxd5 3. Nc3 Qa5 4. d4 c6 5. Bd2 Qc7 6. Nf3 Nf6 7. Be2 Bf5 8. O-O e6 9. Re1 Bd6 10. h3 O-O 11. Be3 Nbd7 12. Qd2 Rfd8 13. Rad1 a6 14. Qc1 b5 15. a3 Rac8 16. b4 e5 17. dxe5 Nxe5 18. Nh4 Be6 19. f4 Nc4 20. Bxc4 Bxc4 21. Nf5 Bd5 22. Nxd6 Rxd6 23. Bc5 Rd7 24. Re3 Rcd8 25. Rde1 Be6 26. f5 Bxf5 27. g4 Be6 28. g5 Nd5 29. Nxd5 Rxd5 30. Rf3 Rd2 31. Rf2 Qg3+ 32. Kh1 Bd5+ 33. Re4 Bxe4+ 34. Rf3 Bxf3# 0-1

[Event "European School-ch 2019"]
[Site "Mamaia"]
[Date "2019.05.31"]
[Round "1.30"]
[White "Yasmo, Daniil"]
[Black "Savu, Victor-Xavier"]
[Result "1-0"]
[ECO "D00"]
[WhiteElo "1424"]
[BlackElo "1047"]
[Annotator "NA"]
[PlyCount "119"]
[EventDate "2019.05.31"]
[EventType "swiss"]
[EventCountry "ROU"]
[SourceTitle "playchess.com"]
[Source "ChessBase"]
[SourceQuality "1"]
[TimeControl "40/5400+30:1800+30"]

1. d4 d5 2. Bf4 Nf6 3. e3 c5 4. c3 Nc6 5. Nd2 Qb6 6. Qb3 c4 7. Qc2 g6 8. e4 dxe4 9. Nxc4 Qd8 10. Ne2 Bf5 11. Ne3 Bd7 12. Ng3 Bc8 13. Nxe4 Qb6 14. Nxf6+ exf6 15. Nd5 Qd8 16. Nc7+ Ke7 17. Nxa8 g5 18. Bg3 f5 19. h3 f4 20. Bh2 Be6 21. Qe4 f5 22. Qe2 Qxa8 23. d5 Qc8 24. Qxe6+ Qxe6+ 25. dxe6 Kxe6 26. Bc4+ Kd7 27. Rd1+ Bd6 28. O-O Ne5 29. Bb5+ Kc7 30. Rfe1 a6 31. Bf1 h5 32. Be2 h4 33. f3 b6 34. Kf1 Rd8 35. Bg1 b5 36. Bd4 Nf7 37. Bd3 Nh6 38. Bf6 Rg8 39. Be7 g4 40. Bxd6+ Kxd6 41. Bc4+ Kc5 42. Bxg8 Nxg8 43. fxg4 fxg4 44. hxg4 Nh6 45. g5 Ng4 46. Kg1 a5 47. g6 Nf6 48. Re5+ Kc6 49. Re6+ Kc5 50. Rxf6 a4 51. Rdd6 a3 52. b4+ Kc4 53. Rxf4+ Kxc3 54. Rd8 Kc2 55. Rd3 h3 56. Rdf3 Kd2 57. gxh3 Ke2 58. Rg4 Ke1 59. Rb3 Kd1 60. Rg2 1-0

[Event "European School-ch 2019"]
[Site "Mamaia"]
[Date "2019.05.31"]
[Round "1.31"]
[White "Batozhargalov, Erdem"]
[Black "Karimli, Yusif"]
[Result "0-1"]
[ECO "C10"]
[WhiteElo "1037"]
[BlackElo "1401"]
[Annotator "NA"]
[PlyCount "70"]
[EventDate "2019.05.31"]
[EventType "swiss"]
[EventCountry "ROU"]
[SourceTitle "playchess.com"]
[Source "ChessBase"]
[SourceQuality "1"]
[TimeControl "40/5400+30:1800+30"]

1. e4 e6 2. d4 d5 3. Nd2 dxe4 4. Nxe4 Bd7 5. Nf3 Bc6 6. Bd3 Nd7 7. O-O Ngf6 8. Bg5 Be7 9. Nxf6+ Bxf6 10. Bxf6 Qxf6 11. c3 Bxf3 12. Qxf3 Qxf3 13. gxf3 O-O-O 14. b4 Nf6 15. Be4 Nd5 16. Bxd5 Rxd5 17. a4 Rhd8 18. Rfe1 c6 19. Re4 a5 20. Rb1 Kc7 21. Kf1 b6 22. Rg4 g6 23. Re4 Rf5 24. Ke2 axb4 25. Rxb4 Rh5 26. h4 Ra8 27. Kd3 Rha5 28. Re5 Rxa4 29. Rxa4 Rxa4 30. Re4 Kd6 31. Rf4 f5 32. c4 h6 33. c5+ Kc7 34. d5 Rxf4 35. cxb6+ Kxb6 0-1

[Event "European School-ch 2019"]
[Site "Mamaia"]
[Date "2019.05.31"]
[Round "1.41"]
[White "Mgeladze, Kesaria"]
[Black "Ismayilova, Salbinaz"]
[Result "1-0"]
[ECO "C25"]
[WhiteElo "1336"]
[BlackElo "1003"]
[Annotator "NA"]
[PlyCount "61"]
[EventDate "2019.05.31"]
[EventType "swiss"]
[EventCountry "ROU"]
[SourceTitle "playchess.com"]
[Source "ChessBase"]
[SourceQuality "1"]
[TimeControl "40/5400+30:1800+30"]

1. e4 e5 2. Nc3 Be7 3. g3 Nf6 4. Bg2 O-O 5. Nge2 Nc6 6. O-O d6 7. d4 exd4 8. Nxd4 Bg4 9. f3 Nxd4 10. Qxd4 Be6 11. f4 c5 12. Qd1 h6 13. f5 Bc4 14. Re1 Re8 15. Bf4 Qb6 16. Qd2 Rad8 17. h3 Rd7 18. a3 Kh7 19. g4 Bb5 20. Kh1 Bd8 21. Bf3 Bc6 22. h4 Bc7 23. g5 hxg5 24. hxg5 Ng4 25. Bxg4 Kg8 26. g6 fxg6 27. fxg6 Rdd8 28. Qh2 Qxb2 29. Qh7+ Kf8 30. Qh8+ Ke7 31. Qxg7# 1-0

[Event "European School-ch 2019"]
[Site "Mamaia"]
[Date "2019.05.31"]
[Round "1.45"]
[White "Zhapova, Yana"]
[Black "Andries, Alexia"]
[Result "1-0"]
[ECO "B41"]
[WhiteElo "1864"]
[BlackElo "1287"]
[Annotator "NA"]
[PlyCount "109"]
[EventDate "2019.05.31"]
[EventType "swiss"]
[EventCountry "ROU"]
[SourceTitle "playchess.com"]
[Source "ChessBase"]
[SourceQuality "1"]
[TimeControl "40/5400+30:1800+30"]

1. e4 c5 2. Nf3 e6 3. d4 cxd4 4. Nxd4 a6 5. c4 Qc7 6. Nc3 Nf6 7. Qd3 Be7 8. Qg3 Qxg3 9. hxg3 Bb4 10. f3 Nc6 11. Nxc6 dxc6 12. Be3 Bd7 13. Kf2 h6 14. Rd1 b5 15. e5 Ng8 16. Ne4 Rd8 17. Bb6 Rb8 18. c5 Ne7 19. a3 Nd5 20. axb4 Nxb6 21. cxb6 Rxb6 22. Nc5 Bc8 23. Bd3 Ke7 24. Be4 Rd8 25. Rxd8 Kxd8 26. Rd1+ Ke7 27. Rd6 f6 28. Rxc6 Rxc6 29. Bxc6 fxe5 30. Bb7 Bxb7 31. Nxb7 Kd7 32. Ke3 Kc6 33. Nc5 Kd5 34. Nxa6 g5 35. b3 h5 36. Nc7+ Kc6 37. Nxe6 Kd6 38. Nxg5 Ke7 39. Ke4 Kf6 40. f4 exf4 41. gxf4 h4 42. Nf3 Ke6 43. Nxh4 Kf6 44. g4 Kg7 45. g5 Kf7 46. f5 Kg7 47. f6+ Kf7 48. Kf5 Kg8 49. g6 Kf8 50. g7+ Kg8 51. Ng6 Kf7 52. Ne7 Ke8 53. g8=Q+ Kd7 54. Qc8+ Kd6 55. Qc6# 1-0

[Event "European School-ch 2019"]
[Site "Mamaia"]
[Date "2019.05.31"]
[Round "1.46"]
[White "Hristova, Ivelina"]
[Black "Babic, Masa"]
[Result "0-1"]
[ECO "B13"]
[WhiteElo "1276"]
[BlackElo "1715"]
[Annotator "NA"]
[PlyCount "108"]
[EventDate "2019.05.31"]
[EventType "swiss"]
[EventCountry "ROU"]
[SourceTitle "playchess.com"]
[Source "ChessBase"]
[SourceQuality "1"]
[TimeControl "40/5400+30:1800+30"]

1. e4 c6 2. d4 d5 3. exd5 cxd5 4. Bd3 Nc6 5. c3 Nf6 6. Bf4 Bg4 7. Qb3 Qd7 8. Ne2 e6 9. O-O Be7 10. Nd2 Rc8 11. Rfe1 O-O 12. Ng3 Nh5 13. Nxh5 Bxh5 14. f3 Bg6 15. Bxg6 hxg6 16. Nf1 Na5 17. Qd1 Nc4 18. Qe2 Qb5 19. Rab1 Qa5 20. a3 b5 21. Ne3 Nxe3 22. Qxe3 Rc4 23. Bg5 Bd6 24. Bf4 Qc7 25. Bxd6 Qxd6 26. Qe5 Qxe5 27. Rxe5 a5 28. Re2 b4 29. axb4 axb4 30. Rc2 Rfc8 31. Rbc1 f6 32. f4 g5 33. fxg5 e5 34. gxf6 gxf6 35. dxe5 fxe5 36. Rd2 d4 37. Rb1 bxc3 38. bxc3 Rxc3 39. Re1 Rc1 40. Kf2 Rxe1 41. Kxe1 Kf7 42. Kf2 Kf6 43. Kf3 Rc3+ 44. Ke2 Kf5 45. Rd3 Rc4 46. Rf3+ Ke4 47. Rd3 Rc2+ 48. Rd2 d3+ 49. Kd1 Rc4 50. h4 Ke3 51. g3 Ra4 52. Ke1 Ra1+ 53. Rd1 d2+ 54. Kf1 Rxd1+ 0-1

[Event "European School-ch 2019"]
[Site "Mamaia"]
[Date "2019.05.31"]
[Round "1.47"]
[White "Babic, Milana"]
[Black "Gaszka, Zuzanna"]
[Result "1-0"]
[ECO "A05"]
[WhiteElo "1677"]
[BlackElo "1267"]
[Annotator "NA"]
[PlyCount "115"]
[EventDate "2019.05.31"]
[EventType "swiss"]
[EventCountry "ROU"]
[SourceTitle "playchess.com"]
[Source "ChessBase"]
[SourceQuality "1"]
[TimeControl "40/5400+30:1800+30"]

1. Nf3 Nf6 2. g3 g6 3. Bg2 Bg7 4. O-O O-O 5. d4 d5 6. b3 c5 7. Bb2 Nbd7 8. Nbd2 Qc7 9. c4 e6 10. Rc1 b6 11. Ba3 Ne4 12. cxd5 exd5 13. Nxe4 dxe4 14. Nd2 Bxd4 15. Nxe4 Bg7 16. Nd6 Rb8 17. Nb5 Qe5 18. Nxa7 Qe6 19. Nc6 Ba6 20. Nxb8 Rxb8 21. Qd5 Qxd5 22. Bxd5 Bh6 23. f4 Bxe2 24. Rfe1 Bg4 25. Bb2 Bg7 26. Bxg7 Kxg7 27. Re7 Rf8 28. Kg2 Nf6 29. Bc4 h5 30. h3 Bf5 31. Rd1 Be4+ 32. Kf2 Bf5 33. Kg2 Be4+ 34. Kh2 Bc2 35. Rd6 Bb1 36. Rxb6 Bf5 37. Rbb7 Bd7 38. Rbxd7 Nxd7 39. Rxd7 Kg8 40. Rc7 Kg7 41. Rxc5 Rd8 42. Rd5 Ra8 43. b4 Rb8 44. b5 Rb6 45. a4 Kf8 46. a5 Rb8 47. Rd7 Ke8 48. Rxf7 Rc8 49. Be6 Rc2+ 50. Kg1 Rc1+ 51. Kf2 Rb1 52. Rb7 Rb2+ 53. Ke3 Kd8 54. a6 Rb1 55. a7 Re1+ 56. Kd2 Ra1 57. Rb8+ Ke7 58. a8=Q 1-0

[Event "European School-ch 2019"]
[Site "Mamaia"]
[Date "2019.05.31"]
[Round "1.48"]
[White "Zlateva, Viktoriya"]
[Black "Rasheva, Nora"]
[Result "0-1"]
[ECO "B10"]
[WhiteElo "1266"]
[BlackElo "1475"]
[Annotator "NA"]
[PlyCount "88"]
[EventDate "2019.05.31"]
[EventType "swiss"]
[EventCountry "ROU"]
[SourceTitle "playchess.com"]
[Source "ChessBase"]
[SourceQuality "1"]
[TimeControl "40/5400+30:1800+30"]

1. e4 c6 2. Nc3 d5 3. Qf3 Nf6 4. e5 Nfd7 5. d4 e6 6. a3 c5 7. Be3 Nc6 8. dxc5 Ndxe5 9. Qg3 Ng6 10. Nf3 e5 11. Rd1 d4 12. b4 a6 13. Ne4 f5 14. Bg5 Qc7 15. Nxd4 f4 16. Qd3 Nxd4 17. c3 Ne6 18. Bf6 gxf6 19. Nxf6+ Kf7 20. Nd5 Qd8 21. Qf5+ Kg7 22. Nxf4 Qf6 23. Nh5+ Kh6 24. Qxf6 Kxh5 25. Be2+ Kh6 26. Qf3 Nef4 27. g3 Nxe2 28. Qxe2 Bf5 29. g4 Be6 30. h4 Nf4 31. g5+ Kg6 32. Qe4+ Bf5 33. Qxb7 Re8 34. Qc6+ Re6 35. Qf3 Nh5 36. O-O Nf4 37. a4 h6 38. Rfe1 hxg5 39. hxg5 Rh3 40. Qa8 Kxg5 41. Qxf8 Reh6 42. Qg7+ Rg6 43. Qe7+ Kh5+ 44. Qg5+ Rxg5+ 0-1

[Event "European School-ch 2019"]
[Site "Mamaia"]
[Date "2019.05.31"]
[Round "1.49"]
[White "Aydin, Gulenay"]
[Black "Petrova, Elizaveta"]
[Result "1/2-1/2"]
[ECO "B40"]
[WhiteElo "1975"]
[BlackElo "1570"]
[Annotator "NA"]
[PlyCount "122"]
[EventDate "2019.05.31"]
[EventType "swiss"]
[EventCountry "ROU"]
[SourceTitle "playchess.com"]
[Source "ChessBase"]
[SourceQuality "1"]
[TimeControl "40/5400+30:1800+30"]

1. e4 c5 2. Nf3 e6 3. c3 Nf6 4. e5 Nd5 5. d4 cxd4 6. cxd4 d6 7. a3 Nc6 8. Bd3 dxe5 9. dxe5 g6 10. O-O Bg7 11. Re1 O-O 12. Qe2 b6 13. Bg5 Qc7 14. Qe4 Bb7 15. Nbd2 h6 16. Bh4 Nce7 17. Qg4 Nf5 18. Rad1 Nxh4 19. Qxh4 Qe7 20. Qg3 Nc7 21. Ne4 Bxe4 22. Bxe4 Rad8 23. h4 Rxd1 24. Rxd1 Rd8 25. Rc1 Nb5 26. h5 g5 27. Qg4 Kh8 28. Bb1 Nc7 29. Qe4 Kg8 30. Nd4 Rd5 31. Nc6 Qd7 32. Kh2 Na6 33. b4 Qc7 34. g3 Nb8 35. b5 Nxc6 36. Rxc6 Qd7 37. Rd6 Rxd6 38. exd6 Qxd6 39. Qa8+ Bf8 40. Qxa7 Qc5 41. Kg2 Qxb5 42. Be4 Qb2 43. Qa6 Bc5 44. Qf1 Qxa3 45. Qd1 Qb2 46. Qf3 Kg7 47. Bc6 Qf6 48. Qe2 e5 49. Bf3 Qe6 50. g4 Qd6 51. Be4 Bd4 52. Qf3 Qf6 53. Bf5 Qd6 54. Be4 b5 55. Bd5 Qf6 56. Qxf6+ Kxf6 57. f3 Ke7 58. Kf1 Kd6 59. Bxf7 Kc5 60. Ke2 Kb4 61. Kd3 Ka3 1/2-1/2

[Event "European School-ch 2019"]
[Site "Mamaia"]
[Date "2019.05.31"]
[Round "1.50"]
[White "Mustafina, Yuliana"]
[Black "Shuqja, Klean"]
[Result "0-1"]
[ECO "B01"]
[WhiteElo "1390"]
[BlackElo "1858"]
[Annotator "NA"]
[PlyCount "120"]
[EventDate "2019.05.31"]
[EventType "swiss"]
[EventCountry "ROU"]
[SourceTitle "playchess.com"]
[Source "ChessBase"]
[SourceQuality "1"]
[TimeControl "40/5400+30:1800+30"]

1. e4 d5 2. exd5 Qxd5 3. Nc3 Qd8 4. d4 Nf6 5. Nf3 Bg4 6. Be2 e6 7. h3 Bxf3 8. Bxf3 c6 9. O-O Be7 10. Ne2 O-O 11. c3 Nbd7 12. Nf4 Qc7 13. Nd3 Rad8 14. Qe2 Bd6 15. Re1 Rfe8 16. Ne5 h6 17. g3 c5 18. Nxd7 Rxd7 19. dxc5 Bxc5 20. Bf4 Qb6 21. Rad1 e5 22. Rxd7 Nxd7 23. Qc2 Re7 24. b4 exf4 25. Rxe7 Bxe7 26. gxf4 Qg6+ 27. Qxg6 fxg6 28. Bxb7 Nb6 29. Be4 Kf7 30. Bc2 Bd6 31. a3 Bxf4 32. Bb3+ Kf6 33. c4 Ke5 34. c5 Nd5 35. b5 Kd4 36. c6 Nc3 37. a4 Kc5 38. Bc2 g5 39. Kg2 Kb4 40. Kf3 Nxa4 41. Bd3 Nc3 42. Kg4 Nxb5 43. Kh5 a5 44. Kg6 a4 45. Bb1 a3 46. Ba2 Be5 47. Kf5 Bd4 48. f3 Kc5 49. Bb3 Kxc6 50. Ke4 Bf6 51. Kd3 Kc5 52. Kc2 Nd4+ 53. Kc3 Nxb3+ 54. Kxb3 Kd4 55. Kxa3 Ke3 56. Kb3 Kxf3 57. Kc2 Kg3 58. Kd3 Kxh3 59. Ke3 g4 60. Kf2 g3+ 0-1

[Event "European School-ch 2019"]
[Site "Mamaia"]
[Date "2019.05.31"]
[Round "1.51"]
[White "Kapicakova, Lucia"]
[Black "Petculescu, Diana-Silvana"]
[Result "1-0"]
[ECO "A05"]
[WhiteElo "1719"]
[BlackElo "1370"]
[Annotator "NA"]
[PlyCount "80"]
[EventDate "2019.05.31"]
[EventType "swiss"]
[EventCountry "ROU"]
[SourceTitle "playchess.com"]
[Source "ChessBase"]
[SourceQuality "1"]
[TimeControl "40/5400+30:1800+30"]

1. Nf3 Nf6 2. g3 e6 3. Bg2 d5 4. O-O Nc6 5. d3 Be7 6. Nbd2 O-O 7. e4 h6 8. e5 Nd7 9. Re1 b6 10. Nf1 Bb7 11. h4 Nc5 12. N1h2 f5 13. exf6 Rxf6 14. Bh3 Qf8 15. Qe2 d4 16. c3 Ba6 17. c4 Bb7 18. Bd2 Bd6 19. b4 Nxb4 20. Bxb4 Bxf3 21. Nxf3 Rxf3 22. Bxc5 Bxc5 23. Bxe6+ Kh8 24. Bd5 Rf7 25. Bxa8 Qxa8 26. Qe8+ Rf8 27. Qxa8 Rxa8 28. Re4 Rf8 29. Rae1 Rf3 30. Rd1 Rf8 31. Kg2 Kg8 32. g4 Bd6 33. Rde1 Kf7 34. Rxd4 Kg6 35. Re6+ Kf7 36. Rde4 Bc5 37. g5 hxg5 38. hxg5 Kg8 39. Re8 Rxe8 40. Rxe8+ Kf7 1-0

[Event "European School-ch 2019"]
[Site "Mamaia"]
[Date "2019.05.31"]
[Round "1.52"]
[White "Ignacio Lopez, Anahi"]
[Black "Karaivanova, Petya"]
[Result "0-1"]
[ECO "C50"]
[WhiteElo "1362"]
[BlackElo "1655"]
[Annotator "NA"]
[PlyCount "46"]
[EventDate "2019.05.31"]
[EventType "swiss"]
[EventCountry "ROU"]
[SourceTitle "playchess.com"]
[Source "ChessBase"]
[SourceQuality "1"]
[TimeControl "40/5400+30:1800+30"]

1. e4 e5 2. Nf3 Nc6 3. Bc4 Nf6 4. d3 Bc5 5. c3 d6 6. h3 a6 7. Bb3 h6 8. Nbd2 O-O 9. Nf1 Ne7 10. Ng3 Ng6 11. O-O Re8 12. Re1 Bb6 13. Be3 c6 14. Qd2 Bxe3 15. Rxe3 Nf4 16. Rd1 Be6 17. Bc2 Qc8 18. d4 Bxh3 19. gxh3 Qxh3 20. Ne1 Ng4 21. Nf1 Nxe3 22. Qxe3 Qg4+ 23. Qg3 Ne2+ 0-1

[Event "European School-ch 2019"]
[Site "Mamaia"]
[Date "2019.05.31"]
[Round "1.53"]
[White "Ruzic, Pia Marie"]
[Black "Mikhailina, Elena"]
[Result "1-0"]
[ECO "A13"]
[WhiteElo "1959"]
[BlackElo "1744"]
[Annotator "NA"]
[PlyCount "55"]
[EventDate "2019.05.31"]
[EventType "swiss"]
[EventCountry "ROU"]
[SourceTitle "playchess.com"]
[Source "ChessBase"]
[SourceQuality "1"]
[TimeControl "40/5400+30:1800+30"]

1. c4 e6 2. Nf3 d5 3. d4 Nf6 4. g3 dxc4 5. Qa4+ Nbd7 6. Qxc4 a6 7. a4 c5 8. Bg2 cxd4 9. O-O Nb6 10. Qxd4 Qxd4 11. Nxd4 e5 12. Nf3 Bd6 13. Rd1 Ke7 14. Nc3 h6 15. a5 Nbd7 16. Nd2 Rb8 17. Nc4 Bc7 18. Na4 e4 19. Be3 Ng4 20. Bd4 Nge5 21. Nxe5 Bxe5 22. Bxe4 Bxd4 23. Rxd4 Ne5 24. Rc1 Rd8 25. Rc7+ Rd7 26. Rdxd7+ Nxd7 27. Nb6 Kd6 28. Rxc8 1-0

[Event "European School-ch 2019"]
[Site "Mamaia"]
[Date "2019.05.31"]
[Round "1.54"]
[White "Anghel, Maria"]
[Black "Donghvani, Nia"]
[Result "0-1"]
[ECO "A61"]
[WhiteElo "1695"]
[BlackElo "1914"]
[Annotator "NA"]
[PlyCount "118"]
[EventDate "2019.05.31"]
[EventType "swiss"]
[EventCountry "ROU"]
[SourceTitle "playchess.com"]
[Source "ChessBase"]
[SourceQuality "1"]
[TimeControl "40/5400+30:1800+30"]

1. d4 Nf6 2. Nf3 c5 3. d5 e6 4. c4 exd5 5. cxd5 d6 6. Nc3 g6 7. Bf4 Nh5 8. Bg5 Be7 9. Bxe7 Qxe7 10. Qa4+ Nd7 11. e3 O-O 12. Be2 a6 13. Qe4 Qd8 14. a4 Re8 15. Qc2 Ndf6 16. O-O Rb8 17. h3 Bd7 18. a5 Qc8 19. Rfd1 b5 20. axb6 Rxb6 21. Nd2 Bb5 22. Nc4 Bxc4 23. Bxc4 Qb7 24. b3 Nd7 25. Qe2 Ra8 26. Ra5 Ne5 27. Rda1 Nxc4 28. bxc4 Rb2 29. Qf3 Qb4 30. Ne4 Rb1+ 31. Rxb1 Qxb1+ 32. Kh2 Qb6 33. Ra1 Qc7 34. g4 Ng7 35. Qg3 Ne8 36. h4 a5 37. h5 Qe7 38. f3 a4 39. hxg6 fxg6 40. Kg2 a3 41. g5 Qb7 42. Qe1 a2 43. Qc3 Qb1 44. Nd2 Qb4 45. Qc2 Qa3 46. Kf2 Nc7 47. Ke2 Ra4 48. Ne4 Na6 49. Nxd6 Nb4 50. Qd2 Qb3 51. Ne4 Qxc4+ 52. Kf2 Qc2 53. Ke2 Qc4+ 54. Kd1 Ra3 55. Ke1 Nc2+ 56. Kf2 Nxa1 57. Nf6+ Kf7 58. Kg3 Nb3 59. Qb2 a1=Q 0-1

[Event "European School-ch 2019"]
[Site "Mamaia"]
[Date "2019.05.31"]
[Round "1.55"]
[White "Vorobyova, Ekaterina"]
[Black "Moskaleva, Arina"]
[Result "1-0"]
[ECO "B24"]
[WhiteElo "1908"]
[BlackElo "1586"]
[Annotator "NA"]
[PlyCount "87"]
[EventDate "2019.05.31"]
[EventType "swiss"]
[EventCountry "ROU"]
[SourceTitle "playchess.com"]
[Source "ChessBase"]
[SourceQuality "1"]
[TimeControl "40/5400+30:1800+30"]

1. e4 c5 2. Nc3 Nc6 3. g3 g6 4. Bg2 Bg7 5. d3 e6 6. Be3 d6 7. Qd2 Nge7 8. Bh6 O-O 9. h4 Bf6 10. Bxf8 Qxf8 11. O-O-O b5 12. Nge2 b4 13. Nb1 Ba6 14. c3 Ne5 15. c4 Rc8 16. f4 N5c6 17. h5 Nd4 18. Nxd4 Bxd4 19. hxg6 fxg6 20. Rh2 d5 21. exd5 exd5 22. Qe2 Qf7 23. Re1 Rc7 24. Nd2 dxc4 25. dxc4 Bc8 26. Be4 Bd7 27. Nf3 Bg4 28. Qc2 Bxf3 29. Bxf3 Qf6 30. Rhe2 Kg7 31. Re6 Qf7 32. Bd5 Qf8 33. Qe4 Ng8 34. Re8 Nf6 35. Rxf8 Nxe4 36. Rg8+ Kf6 37. Rxe4 Kf5 38. Rge8 Kg4 39. R4e7 Rxe7 40. Rxe7 Kxg3 41. Rxh7 Kxf4 42. Rh4+ Kf5 43. Be4+ Ke5 44. Bxg6 1-0